 Dungeon Crawl Stone Soup version 0.27.1-33-g824d729ab1 (webtiles) character file.

Game seed: 6747682598504387942

76 sking99 the Chiller (level 4, -6/33 HPs)
             Began as a Merfolk Ice Elementalist on Dec 11, 2021.
             Mangled by an ice beast (9 damage)
             ... on level 3 of the Dungeon.
             The game lasted 00:05:28 (2966 turns).

sking99 the Chiller (Merfolk Ice Elementalist)      Turns: 2966, Time: 00:05:28

Health: -6/33      AC:  3    Str:  9    XL:     4   Next: 32%
Magic:  7/7        EV: 12    Int: 14    God:
Gold:   44         SH:  0    Dex: 14    Spells: 1/8 levels left

rFire    . . .     SeeInvis .   (no weapon)
rCold    . . .     Faith    .   (no shield)
rNeg     . . .     Spirit   .   e - +0 leather armour
rPois    .         Reflect  .   (no helmet)
rElec    .         Harm     .   (no cloak)
rCorr    .         Rampage  .   (no gloves)
Will     .....                  (no boots)
Stlth    ++........             (no amulet)
HPRegen  0.11/turn              (no ring)
MPRegen  0.10/turn              (no ring)

@: no status effects
A: (nimble swimmer 2), mertail
a: no special abilities


You were on level 3 of the Dungeon.
You visited 1 branch of the dungeon, and saw 3 of its levels.

You collected 120 gold pieces.
You spent 76 gold pieces at shops.

Inventory:

Armour
 e - a +0 leather armour (worn)
 i - a +0 buckler
Scrolls
 a - a scroll of torment {unknown}
 b - a scroll of immolation {unknown}
 c - a scroll of summoning {unknown}
 g - a scroll of magic mapping {unknown}
 h - a scroll of silence {unknown}
 j - 2 scrolls of identify {unknown}
 k - a scroll of teleportation {unknown}
Potions
 d - a potion of degeneration {unknown}
 f - a potion of curing {unknown}


   Skills:
 + Level 1.7 Fighting
 - Level 3.2 Dodging
 - Level 2.1 Stealth
 + Level 2.5 Spellcasting
 * Level 5.3 Ice Magic


You had one spell level left.
You knew the following spells:

 Your Spells              Type           Power      Damage    Failure   Level
a - Freeze                Ice            64%        1d8       3%          1
b - Frozen Ramparts       Ice            32%        1d5       11%         3
c - Ozocubu's Armour      Ice            16%        N/A       11%         3

Your spell library contained the following spells:

 Spells                   Type           Power      Damage    Failure   Level
 Beastly Appendage        Tmut           2%         N/A       32%         1
 Wereblood                Tmut           1%         N/A       43%         2
 Spider Form              Tmut/Pois      0%         N/A       67%         3
 Hailstorm                Conj/Ice       9%         3d4       71%         4


Dungeon Overview and Level Annotations

Branches:
Dungeon (3/15)

Altars:

Shops:
D:2 [


Innate Abilities, Weirdness & Mutations

((You are quick and stealthy near water. (Stealth+, EV+, Speed+++)))
Your lower body shifts to a powerful aquatic tail in water.


Message History

The bat hits you but does no damage.
Casting: Freeze (safe; 3% risk of failure)
Confirm with . or Enter, or press ? or * to list all spells.
Aiming: Freeze (safe; 3% risk of failure)
Press: ? - help, Shift-Dir - straight line, f - bat
Aim: a bat You freeze the bat.
You kill the bat!
You start resting.
Magic restored.
You now have 44 gold pieces (gained 10).
An ice beast is nearby!
A rat comes into view.
Casting: Freeze (safe; 3% risk of failure)
Confirm with . or Enter, or press ? or * to list all spells.
You can't see any susceptible monsters within range! (Use Z to cast anyway.)
Casting: Freeze (safe; 3% risk of failure)
Confirm with . or Enter, or press ? or * to list all spells.
Aiming: Freeze (safe; 3% risk of failure)
Press: ? - help, Shift-Dir - straight line, f - ice beast
Aim: an ice beast You freeze the ice beast but do no damage.
The ice beast completely resists.
The ice beast misses you.
Casting: Freeze (safe; 3% risk of failure)
Confirm with . or Enter, or press ? or * to list all spells.
Aiming: Freeze (safe; 3% risk of failure)
Press: ? - help, Shift-Dir - straight line, f/p - ice beast
Aim: an ice beast You freeze the ice beast but do no damage.
The ice beast completely resists.
The ice beast hits you. The ice beast freezes you! The ice beast hits you.
The ice beast freezes you!
* * * LOW HITPOINT WARNING * * *
You see here a dart slug corpse.
You see here a +0 short sword.
There is a stone staircase leading up here.
The ice beast hits you.
* * * LOW HITPOINT WARNING * * *
The ice beast freezes you!
You die...

####.### #......# #......#
#......# #......# #########
#......# #.......#
#########......#
#.......####......##......#
#.............@...##......#
######.......Y....##......#
#......)##########.###
#........# #.# #........#
###.# #........# #...###
########.# #####.#...# #.#
#...†.....##
.######.###†...###...#


You could see an ice beast.

Vanquished Creatures
  2 adders (D:2)
  2 worms (D:2)
  2 dart slugs
  7 ball pythons
  3 bats
  7 endoplasms
  4 hobgoblins
  5 quokkas
  5 frilled lizards
  5 goblins
  A kobold (D:1)
  3 rats
46 creatures vanquished.

Notes
Turn   | Place    | Note
-------+----------+-------------------------------------------
     0 | D:1      | sking99 the Merfolk Ice Elementalist began the quest for
                  | the Orb.
     0 | D:1      | Reached XP level 1. HP: 13/13 MP: 3/3
   188 | D:1      | Reached XP level 2. HP: 13/20 MP: 1/5
  1075 | D:1      | Reached skill level 1 in Fighting
  1430 | D:1      | Reached XP level 3. HP: 26/26 MP: 4/6
  1810 | D:2      | Learned a level 3 spell: Frozen Ramparts
  1830 | D:2      | Reached skill level 5 in Ice Magic
  1947 | D:2      | Found Yhaaholl's Antique Armour Emporium.
  1951 | D:2      | Bought a buckler for 76 gold pieces
  2230 | D:2      | Reached XP level 4. HP: 32/32 MP: 3/7
  2783 | D:3      | Learned a level 3 spell: Ozocubu's Armour
  2875 | D:3      | Noticed an ice beast
  2966 | D:3      | Mangled by an ice beast

Illustrated notes

Levels and vault maps discovered:
D:1:      arrival_zaba_pyramid, layout_basic, grunt_decor_clamped,
          amcnicky_mini_pool_small, kennysheep_decorative_pillar,
          minmay_statues_item, serial_bayou_lagoon_b
D:2:      layout_loops_cross, serial_shops, shop, minmay_misc_feat_encased
D:3:      layout_basic, ebering_ghost_reflecting_pool, serial_shops,
          nicolae_square_shop, eino_tiny_chamber, minmay_fractal_squares_5

Skill      XL: |  1  2  3 |
---------------+----------+-----
Dodging        | 3 |  3.2
Fighting       | 1 |  1.7
Ice Magic      | 5 |  5.3
Stealth        | |  2.1
Spellcasting   | |  2.5

Action                   |  1- 3 |  4- 6 || total
-------------------------+-------+-------++-------
Melee: Unarmed           |    14 |     1 ||    15
 Cast: Freeze            |    57 |    28 ||    85
 Stab: Sleeping          |     1 |       ||     1
Armor: Robe              |     5 |       ||     5
       Leather armour    |     5 |     4 ||     9
Dodge: Dodged            |    33 |    15 ||    48
